AoeStats
← Gouldy928

Arabia

509628751Analyzed
1v1 RM · 3d ago on Sep 27, 2026· 51m 50s· 2 players
Game mode
Random Map
Map size
Tiny (2 player)
Population
200
Speed
Normal
Resources
Standard
Victory
Conquest
Starting age
Dark Age
Ending age
Imperial Age
RankedLock teamsTeams togetherTeam positionsShared explorationLock speedFull tech treeHidden civsTurbo modeCheats
Victory
Defeat
🇬🇧 Inca · United Kingdom
1200
+16
🇪🇸 Mongols · Spain
1207
-16
Gouldy928
7:03 Loom
9:38 Feudal Age
10:25 Double-Bit Axe
14:29 Double-Bit Axe
21:41 Castle Age
20:40 Horse Collar
20:52 Gold Mining
21:49 Crossbowman
21:52 Pikeman
23:42 Bow Saw
24:20 Padded Archer Armor
24:12 Fletching
29:40 Wheelbarrow
30:55 Scale Mail Armor
31:07 Forging
31:48 Town Watch
34:25 Stone Mining
35:38 Hand Cart
36:14 Scale Mail Armor
39:42 Imperial Age
37:15 Padded Archer Armor
37:52 Masonry
38:25 Heavy Plow
39:01 Gold Shaft Mining
39:01 Stone Shaft Mining
38:29 Treadmill Crane
39:41 Iron Casting
39:19 Elite Skirmisher
39:55 Bodkin Arrow
40:15 Squires
40:01 Arson
40:52 Conscription
40:40 Siege Engineers
41:37 Blast Furnace
41:48 Ballistics
41:40 Capped Ram
42:19 Murder Holes
43:37 Chain Mail Armor
43:07 Siege Ram
44:23 Leather Archer Armor
47:24 Plate Mail Armor
47:07 Fabric Shields
49:38 Town Patrol
49:10 Elite Kamayuk
51:33 Andean Sling
51:55 Arson
Agapito di Sousa
8:46 Loom
10:51 Feudal Age
13:37 Town Watch
15:41 Bloodlines
16:27 Double-Bit Axe
19:10 Wheelbarrow
21:40 Fletching
24:32 Castle Age
22:55 Gold Mining
23:17 Scale Barding Armor
25:46 Chain Barding Armor
26:56 Forging
29:56 Bow Saw
32:16 Bodkin Arrow
32:48 Ballistics
32:59 Town Patrol
34:00 Padded Archer Armor
34:04 Husbandry
38:28 Imperial Age
37:26 Leather Archer Armor
40:18 Light Cavalry
40:50 Elite Mangudai
42:42 Chemistry
41:45 Bracer
42:45 Hussar
44:03 Iron Casting
47:29 Heavy Cavalry Archer
48:43 Elite Skirmisher
Connection lost

Rejoining the realm…

Still unreachable

The connection could not be restored.

Session expired

The server has moved on; the page needs a fresh start.